 Dungeon Crawl Stone Soup version 0.31.0-32-g396128a36d (webtiles) character file.

Game seed: 14606690575331104452

1633622 mrhuddles the Executioner (level 27, 261/261 HPs)
             Began as a Minotaur Berserker on Mar 8, 2024.
             Was a High Priest of Trog.
             Escaped with the Orb
             ... and 3 runes on Mar 10, 2024!
             The game lasted 11:05:20 (74898 turns).

mrhuddles the Executioner (Minotaur Berserker)     Turns: 74898, Time: 11:05:20

Health: 261/261    AC: 41    Str: 36 (38) XL:     27
Magic:  13/13      EV: 18    Int:  6 (8)  God:    Trog [*****.]
Gold:   6085       SH: 26    Dex: 15 (18) Spells: 26/26 levels left

rFire   + . .        Y - +10 broad axe of Azearouc {antimagic, rF- Will+ Str+4}
rCold   + . .        L - +3 tower shield {reflect}
rNeg    + + .        s - +6 plate armour {rF+}
rPois   .            K - +2 hat {Will+}
rElec   .            b - +4 dragonskin cloak
rCorr   .            M - +2 pair of gloves {hurl}
SInv    .            g - +1 pair of boots of the Armoured One {Will+ Slay+6 Stlth-}
Will    +++++        h - amulet "Hiskups" {Regen+ MP+9 Dex+3} Stlth
                     A - ring "Buysh" {rF+ rC+ MP+9 Dex+3}
HPRegen 1.43/turn    I - ring of Sos Xuss {rN++ Int+6 Stlth-}
MPRegen 0.13/turn

%: reflection
@: no status effects
A: horns 2, retaliatory headbutt, iridescent scales 1, dopey 1, strong-willed 1,
mutation resistance 1
0: Orb of Zot
}: 3/15 runes: serpentine, barnacled, silver
a: Renounce Religion, Berserk, Trog's Hand, Brothers in Arms


You escaped.
You worshipped Trog.
Trog was extremely pleased with you.
You visited 9 branches of the dungeon, and saw 47 of its levels.
You visited the Abyss 1 time.
You also visited: Gauntlet and Desolation.

You collected 7706 gold pieces.
You spent 1621 gold pieces at shops.

Inventory:

Hand Weapons
 n - the +6 broad axe "Efeniodi" {flame, rF+}
   (Trog gifted it to you on level 5 of the Vaults)

   rF+:       It protects you from fire.
 Y - the +10 broad axe of Azearouc (weapon) {antimagic, rF- Will+ Str+4}
   (Trog gifted it to you on level 1 of the Snake Pit)

   Str+4:     It affects your strength (+4).
   rF-:       It makes you vulnerable to fire.
   Will+:     It increases your willpower.
Missiles
 x - 25 silver javelins
 B - 26 curare-tipped darts
 N - 47 boomerangs (quivered)
Armour
 b - the +4 dragonskin cloak (worn)
   (You took it off Tiamat on level 1 of the Realm of Zot)

   Avatar's Aegis: It grants the wearer a chance to resist fire, cold, poison,
   electricity, acid, and negative energy.
 g - the +1 pair of boots of the Armoured One (worn) {Will+ Slay+6 Stlth-}
   (You bought it in a shop on level 2 of the Orcish Mines)

   Slay+6:    It affects your accuracy & damage with ranged weapons and melee
   (+6).
   Will+:     It increases your willpower.
   Stlth-:    It makes you less stealthy.
 s - a +6 plate armour of fire resistance (worn)
 K - a +2 hat of willpower (worn)
 L - a +3 tower shield of reflection (worn)
 M - a +2 pair of gloves of hurling (worn)
Jewellery
 h - the amulet "Hiskups" (around neck) {Regen+ MP+9 Dex+3}
   (You took it off a deep elf sorcerer on level 3 of the Elven Halls)

   [amulet of regeneration]

   Dex+3:     It affects your dexterity (+3).
   MP+9:      It affects your magic capacity (+9).
   Regen+:    It increases your rate of health regeneration.
 p - the ring of Doele {+Blink rF+}
   (You found it on level 3 of the Depths)

   [ring of protection from fire]

   rF+:       It protects you from fire.
   +Blink:    It lets you blink.
 A - the ring "Buysh" (left hand) {rF+ rC+ MP+9 Dex+3}
   (You found it on level 4 of the Snake Pit)

   [ring of protection from cold]

   Dex+3:     It affects your dexterity (+3).
   rF+:       It protects you from fire.
   rC+:       It protects you from cold.
   MP+9:      It affects your magic capacity (+9).
 I - the ring of Sos Xuss (right hand) {rN++ Int+6 Stlth-}
   (You took it off an imperial myrmidon in the Desolation of Salt)

   [ring of intelligence]

   Int+6:     It affects your intelligence (+6).
   rN++:      It greatly protects you from negative energy.
   Stlth-:    It makes you less stealthy.
 O - the ring of Untruth {rPois Will+ Dex+6}
   (You found it on level 1 of the Shoals)

   [ring of dexterity]

   Dex+6:     It affects your dexterity (+6).
   rPois:     It protects you from poison Will+: It increases your willpower.
 R - the ring of Xaikkedu {rElec Str+2 Slay+4}
   (You found it on level 3 of the Elven Halls)

   [ring of slaying]

   Str+2:     It affects your strength (+2).
   Slay+4:    It affects your accuracy & damage with ranged weapons and melee
   (+4).
   rElec:     It insulates you from electricity.
Wands
 q - a wand of iceblast (33)
 w - a wand of mindburst (28)
 y - a wand of flame (95)
 F - a wand of acid (22)
 G - a wand of digging (22)
 H - a wand of charming (66)
 T - a wand of polymorph (18)
Scrolls
 c - 20 scrolls of teleportation
 d - 10 scrolls of fear
 e - 16 scrolls of fog
 f - 4 scrolls of identify
 i - 8 scrolls of revelation
 l - a scroll of butterflies
 o - 13 scrolls of poison
 t - 8 scrolls of blinking
 E - 6 scrolls of immolation
 S - 5 scrolls of silence
Potions
 a - 4 potions of lignification
 j - 3 potions of invisibility
 m - 5 potions of heal wounds
 r - 24 potions of curing
 u - 4 potions of haste
 v - 2 potions of cancellation
 z - 4 potions of might
 C - 2 potions of enlightenment
 U - 2 potions of resistance
 V - 5 potions of attraction
 W - 7 potions of mutation
Miscellaneous
 P - a tin of tremorstones (2/2)
 Q - a phial of floods
 X - a lightning rod (4/4)


   Skills:
 - Level 24.0 Fighting
 - Level 24.0 Axes
 - Level 16.0 Throwing
 - Level 20.0 Armour
 - Level 20.0 Dodging
 - Level 18.0 Stealth
 * Level 23.7 Shields
 - Level 20.0 Evocations


You had 26 spell levels left.
You didn't know any spells.
Your spell library was empty.

Dungeon Overview and Level Annotations

Branches:
Dungeon (15/15)            Temple (0/1) D:6            Lair (5/5) D:8
 Shoals (4/4) Lair:3        Snake (4/4) Lair:2        Slime (0/5) Lair:5
    Orc (2/2) D:11            Elf (3/3) Orc:2        Vaults (5/5) D:13
  Crypt (0/3) Vaults:3     Depths (4/4) D:15            Zot (5/5) Depths:4
Desolation (visited)      Gauntlet (visited)

Altars:
Cheibriados
Dithmenos
Elyvilon
Fedhas
Gozag
Kikubaaqudgha
Makhleb
Okawaru
Qazlal
Ru
Sif Muna
Trog
Vehumet
Xom
Zin
The Shining One
Jiyva

Shops:
D:5 (   D:6 ===[[   D:13 *   Orc:2 [[[(   Elf:1 ?   Elf:3 !   Snake:3 ([*(:
Vaults:1 *   Vaults:2 [

Portals:
Hell: Depths:1 Depths:2 Depths:3 Depths:4
Abyss: Depths:1 Depths:3
Pandemonium: Depths:2
Ziggurat: Depths:2

Annotations:
D:3 Boris
D:4 1 exclusion
D:9 2 transporters, purpleHaze's ghost, novice OnWr
Shoals:1 3 runed translucent doors, exclusions: door and simulacrum
Shoals:3 Roxanne
Elf:2 1 exclusion
Depths:2 exclusion: daeva
Zot:4 2 transporters, Uneer's ghost, legendary GnFE
Zot:5 4 transporters


Innate Abilities, Weirdness & Mutations

You have a pair of horns on your head.
You reflexively headbutt those who attack you in melee.
You are partially covered in iridescent scales. (AC +2)
You are dopey. (Int -2)
You are strong-willed. (Will+)
You are somewhat resistant to further mutation.


Message History

Boris launches a ball of destructive magic.
An orb of destruction comes into view.
Boris casts forth his victims' sorrows.
The howling sorrow hits you. You resist.
Your +3 tower shield of reflection blocks the orb of destruction... and reflects it back!
You are engulfed in excruciating misery.
Boris launches a ball of destructive magic.
The orb fizzles.
There is an escape hatch in the ceiling here.
You are engulfed in excruciating misery.
Boris conjures an orb of pure magic.
A mysterious force pulls you upwards. The hatch slams shut behind you.
There is an open door here.
Aiming: Dig
Press: ? - help, Shift-Dir - straight line You can't see that place. [a crystal wall.]
Okay, then.
There is an open door here.
A sixfirhy comes into view.
You block the sixfirhy's attack. x3
You slash the sixfirhy! Your headbutt misses the sixfirhy.
The sixfirhy is moderately wounded.
You barely miss the sixfirhy.
The sixfirhy is moderately wounded.
You block the sixfirhy's attack.
You miss the sixfirhy.
The sixfirhy is moderately wounded.
You block the sixfirhy's attack. x3
You slice the sixfirhy!!
You kill the sixfirhy!
Trog accepts your kill.
You feel your strength returning.
There is a stone staircase leading up here.
You climb upwards.
There is a stone staircase leading down here.
You enter the shallow water.
Moving in this stuff is going to be slow.
There is a staircase leading out of the dungeon here.
You have escaped!

#.#.# #.## ##............ #.#.#
#..## ##..........### #.#.# ##.~♣
♣♣♣~.#........# #.#.#
#~~♣♣♣≈≈~~#........# #.#.#
#♣≈~~~~~♣♣#........# ###.#.#
♣♣~~~~~≈♣#........# ....#.#
♣♣~~~~~♣♣#........# ##..#.#
♣≈~~~~~≈♣##...##### ##..#.#
♣≈~~@~~≈♣ #...# ....#.##
♣≈~~~~~♣♣ #...####### #......#
♣≈~~~~~≈♣ #...#...... ##..#..#
♣♣~~~~~≈♣ ##.##...... #.....##
#♣♣~~~1~≈♣# #......... #.###..#
#~~♣≈♣≈♣~~# #.........
##.####.####.~♣♣♣♣♣~.# #.........
....†................###########†
....###########.#................


You could see an Ice Fiend.

Vanquished Creatures
  Tiamat (Zot:1)
  4 dread liches
  5 orbs of fire
  3 ancient liches
  Mara (Shoals:3)
  Boris (twice) (Vaults:2 Depths:2)
  Bai Suzhen (Shoals:3)
  Vv (Zot:3)
  Vashnia (Snake:2)
  6 Killer Klowns
  Saint Roka (Elf:3)
  A curse toe (Zot:3)
  Margery (Vaults:4)
  6 golden dragons
  3 doom hounds (Zot:3)
  2 electric golems (Zot:5)
  20 tentacled monstrosities
  Rupert (Orc:2)
  Jorgrun (D:12)
  5 titans
  5 sphinxes
  Grunn (Zot:3)
  2 deep elf master archers (Elf:3)
  4 liches
  25 Orb Guardians
  2 krakens (Shoals:1)
  A searing wretch (Vaults:4)
  An Executioner (Abyss:1)
  A deep elf blademaster (Elf:3)
  3 acid blobs (Lair:5)
  An ancient champion (Vaults:3)
  6 quicksilver dragons
  10 tengu reavers
  5 death cobs
  Polyphemus (Shoals:2)
  6 shadow dragons
  4 protean progenitors
  12 draconian monks
  Donald (Vaults:1)
  10 deep elf sorcerers (Elf:3)
  11 storm dragons
  Aizul (Snake:1)
  3 azure jellies (Lair:5)
  12 draconian knights
  6 nagarajas
  9 draconian shifters
  A balrug (Depths:4)
  5 imperial myrmidons (Desolation)
  3 draconian scorchers
  26 vault wardens
  4 fire giants
  11 frost giants
  7 deep elf elementalists
  5 iron dragons
  A cacodemon (D:15)
  2 reapers
  9 draconian stormcallers
  11 draconian annihilators
  7 spriggan defenders
  An angel (Shoals:4)
  Louise (Elf:2)
  2 broodmothers (Zot:1)
  17 ironbound preservers
  12 stone giants
  3 orc warlords
  6 ironbound thunderhulks
  22 very ugly things
  4 formless jellyfish
  10 deep elf annihilators
  The ghost of dogaso222 the Metamorph, a journeyman MfSh of Hepliaklqana (Lair:5)
  9 vampire knights
  3 deep elf demonologists (Elf:3)
  11 dire elephants
  13 black draconians
  5 deep elf death magi
  15 green draconians
  2 halazid warlocks (Desolation)
  2 war gargoyles
  10 yellow draconians
  19 red draconians
  8 purple draconians
  A minotaur (Gauntlet)
  18 white draconians
  A blizzard demon (Depths:4)
  Josephine (Orc:1)
  5 spark wasps
  7 merfolk javelineers
  9 ettins
  12 merfolk impalers
  2 green deaths
  2 jiangshi (Depths:1)
  3 entropy weavers
  9 deep elf high priests
  4 ragged hierophants (Desolation)
  16 yaktaur captains
  5 crystal guardians
  The ghost of Ciata the Cleaver, a journeyman MiBe of Trog (Orc:1)
  8 fire dragons
  4 servants of whispers (Desolation)
  Erolcha (Orc:1)
  Fannar (Lair:1)
  31 vault guards
  4 ice dragons
  12 rakshasas
  A salamander tyrant (Snake:3)
  6 great orbs of eyes
  3 hydras
  An ogre mage (D:10)
  5 peacekeepers
  6 spriggan air magi
  The ghost of DildoBatman the Geomancer, a journeyman FoCj of Gozag (D:11)
  5 catoblepae
  A jorogumo (Zot:2)
  Erica (Lair:2)
  11 ironbound frosthearts
  2 alligator snapping turtles (Shoals:4)
  16 anacondas
  An anaconda (shapeshifter) (Vaults:5)
  11 merfolk aquamancers
  The ghost of kalagan the Thaumaturge, a journeyman DECj of Sif Muna (Lair:3)
  14 centaur warriors
  35 dancing weapons
  10 deep troll shamans
  2 sphinx skeletons
  6 boulder beetles
  3 satyrs (Shoals:3)
  3 deep troll earth magi
  3 two-headed ogres
  17 naga warriors
  2 vampire magi (Depths:1)
  13 death yaks
  5 tengu warriors
  A thrashing horror (Abyss:1)
  3 orc high priests
  4 hell hogs (Depths:4)
  6 occultists
  3 shock serpents
  15 deep elf knights
  5 spriggan berserkers
  6 hell knights
  3 soul eaters (Depths:4)
  3 sun demons (Depths:4)
  Sonja (Lair:2)
  11 naga sharpshooters
  10 iron trolls
  4 skysharks
  A wretched star (Abyss:1)
  14 spriggans
  11 skeletal warriors
  3 shadow wraiths (Depths:4)
  A salamander mystic (Snake:4)
  2 sixfirhies
  3 cherubim (Shoals:4)
  A glowing orange brain (shapeshifter) (Vaults:5)
  A deep troll (shapeshifter) (Vaults:5)
  10 sea snakes
  48 deep trolls
  8 mana vipers
  6 glowing orange brains
  A tengu zombie (Vaults:2)
  13 deep elf archers
  A flayed ghost (Vaults:5)
  7 necromancers
  2 quicksilver dragon simulacra (Depths:4)
  6 arcanists
  16 ironbound convokers
  A lindwurm (shapeshifter) (Depths:2)
  10 orc knights
  8 phantasmal warriors
  10 lindwurms
  10 naga ritualists
  18 harpies
  16 deep elf pyromancers
  9 orc sorcerers
  6 cyclopes
  18 deep elf zephyrmancers
  A shadow dragon skeleton (Vaults:3)
  12 fauns
  47 ugly things
  16 manticores
  An oklob plant (Lair:3)
  Maurice (Orc:1)
  A rust devil (Abyss:1)
  2 large abominations (Abyss:1)
  9 salamanders
  A frost giant skeleton (Vaults:3)
  25 moths of wrath
  2 apocalypse crabs
  4 merfolk sirens
  14 naga magi
  4 kobold blastminers
  A water nymph (Lair:3)
  An ice statue (Depths:4)
  6 elephants
  A black mamba (shapeshifter) (Vaults:5)
  11 guardian serpents
  16 vault sentinels
  A smoke demon (Gauntlet)
  49 black mambas
  3 gargoyles
  A torpor snail (Lair:4)
  A water nymph (shapeshifter) (Vaults:5)
  4 orange demons
  12 cane toads
  2 elf skeletons
  Jeremiah (D:6)
  2 rime drakes
  4 freezing wraiths
  2 kobold demonologists
  4 ice devils (Depths:4)
  6 tengu conjurers
  3 efreet
  7 komodo dragons
  41 yaktaurs
  4 trolls
  6 human skeletons
  22 hornets
  28 merfolk
  8 wind drakes
  A troll (shapeshifter) (Vaults:5)
  A merfolk (shapeshifter) (Depths:3)
  A wind drake (shapeshifter) (D:15)
  Prince Ribbit (Lair:1)
  2 tarantellas (shapeshifter)
  2 raiju (Abyss:1)
  A polar bear (Lair:2)
  3 tarantellas (Zot:4)
  36 saltlings
  25 blink frogs
  Grinder (D:6)
  27 slime creatures
  A human simulacrum (Vaults:3)
  A dream sheep (Shoals:4)
  12 snapping turtles
  An ettin skeleton (Vaults:3)
  A spriggan (shapeshifter) (D:12)
  A culicivora (shapeshifter) (Depths:3)
  A vampire (D:11)
  A ynoxinul (Depths:1)
  A jumping spider (Vaults:3)
  8 wraiths
  8 wyverns
  2 shadows (D:12)
  3 air elementals (Elf:3)
  2 small abominations
  Eustachio (D:6)
  14 water elementals
  66 yaks
  4 fire elementals
  16 vampire mosquitoes
  3 fire bats (Abyss:1)
  4 steam dragons
  3 wargs
  4 redbacks
  8 basilisks
  Menkaure (D:6)
  2 neqoxecs (Abyss:1)
  44 nagas
  2 swamp worms (Gauntlet)
  An acid dragon (D:11)
  10 water moccasins
  6 hell hounds
  26 orc warriors
  A human zombie (Vaults:3)
  2 sky beasts (D:7)
  2 black bears
  2 ettin simulacra (Depths:4)
  A hornet zombie (D:15)
  7 ogres
  A crocodile (shapeshifter) (Elf:2)
  4 boggarts (Vaults:2)
  2 ice beasts
  6 laughing skulls (Abyss:1)
  10 wolves
  16 centaurs
  A kobold brigand (D:6)
  13 bullfrogs
  3 scorpions
  5 earth elementals
  A hornet simulacrum (D:15)
  12 wights
  15 killer bees
  2 howler monkeys
  3 crimson imps (Gauntlet)
  A lava snake (D:9)
  2 quasits (Abyss:1)
  A hound (D:6)
  5 jellies
  A gnoll bouda (D:9)
  22 orc priests
  A sleepcap (D:7)
  An iguana (D:5)
  24 orc wizards
  A boggart simulacrum (D:15)
  4 gnolls (D:9)
  7 adders
  2 shadow imps
  2 ufetubi (D:7)
  A ribbon worm (D:2)
  59 orcs
  4 ball pythons
  10 endoplasms
  2 giant cockroaches
  6 goblins
  13 hobgoblins
  6 jackals
  10 kobolds
  3 quokkas
  3 bats
  4 frilled lizards
  3 rats
  An aspiring flesh (Zot:4)
  A spectral weapon (Depths:2)
  4 tentacles (Shoals:1)
2214 creatures vanquished.

Vanquished Creatures (collateral kills)
  An ancient lich (Zot:5)
  A juggernaut (Depths:2)
  2 Killer Klowns (Zot:5)
  A golden dragon (Depths:2)
  2 tentacled monstrosities
  An Orb Guardian (Zot:5)
  2 acid blobs (Lair:5)
  A sphinx (Vaults:5)
  A shadow dragon (Zot:5)
  A fire giant (Vaults:5)
  3 deep elf sorcerers (Elf:3)
  A deep elf elementalist (Elf:3)
  A deep elf annihilator (Elf:3)
  A purple draconian (Zot:2)
  A black draconian (Zot:1)
  A red draconian (Zot:2)
  A yellow draconian (Zot:2)
  3 merfolk impalers (Shoals:1)
  2 vault guards (Vaults:5)
  A jorogumo (Zot:2)
  2 dancing weapons (Elf:3)
  A deep elf pyromancer (Elf:3)
  2 deep elf archers (Elf:3)
  A moth of wrath (Zot:5)
  A vault sentinel (Vaults:5)
  An eye of devastation (Lair:5)
  2 yaks (Lair:5)
  2 orc warriors (Elf:3)
  3 orcs (Elf:3)
43 creatures vanquished.

Vanquished Creatures (others)
  A death cob (Zot:3)
  An orc high priest (Orc:2)
  A naga sharpshooter (Snake:1)
  A deep elf zephyrmancer (Elf:1)
  A manticore (Shoals:1)
  A snapping turtle (Shoals:4)
  A spriggan (Depths:3)
  An orc priest (Orc:1)
  3 starspawn tentacles (Abyss:1)
  18 tentacles (Shoals:1)
29 creatures vanquished.

Grand Total: 2286 creatures vanquished

Notes
Turn   | Place    | Note
-------+----------+-------------------------------------------
     0 | D:1      | mrhuddles the Minotaur Berserker began the quest for the
                  | Orb.
     0 | D:1      | Reached XP level 1. HP: 19/19 MP: 0/0
   178 | D:1      | Reached XP level 2. HP: 27/27 MP: 1/1
   954 | D:2      | Reached XP level 3. HP: 21/33 MP: 2/2
  1517 | D:2      | Reached XP level 4. HP: 28/40 MP: 3/3
  1518 | D:2      | Reached ** piety under Trog
  2530 | D:3      | Reached XP level 5. HP: 47/47 MP: 4/4
  2873 | D:4      | Noticed an ogre
  3300 | D:4      | Noticed a black bear
  3304 | D:4      | Killed a black bear
  3305 | D:4      | Reached skill level 5 in Fighting
  3305 | D:4      | Reached skill level 5 in Axes
  3307 | D:4      | Reached XP level 6. HP: 56/56 MP: 5/5
  3605 | D:5      | Entered Level 5 of the Dungeon
  3748 | D:5      | Noticed a water moccasin
  3761 | D:5      | Killed a water moccasin
  3762 | D:5      | Reached skill level 5 in Armour
  3762 | D:5      | Reached XP level 7. HP: 35/62 MP: 6/6
  4014 | D:5      | Found Syuburank's Antique Weapon Shop.
  4243 | D:5      | Reached skill level 5 in Dodging
  4325 | D:6      | Noticed Menkaure
  4334 | D:6      | Killed Menkaure
  4350 | D:6      | Noticed Grinder
  4363 | D:6      | Killed Grinder
  4364 | D:6      | Reached XP level 8. HP: 73/73 MP: 7/7
  4513 | D:6      | Found a staircase to the Ecumenical Temple.
  4601 | D:6      | Found Ybifrog's Armour Emporium.
  4604 | D:6      | Found Vimpaoco's Armour Shoppe.
  4608 | D:6      | Noticed Eustachio
  4618 | D:6      | Killed Eustachio
  4668 | D:6      | Found Micyblec's Jewellery Shop.
  4693 | D:6      | Noticed Jeremiah
  4720 | D:6      | Killed Jeremiah
  4721 | D:6      | Reached skill level 10 in Axes
  4734 | D:6      | Identified the +0 pair of gloves "Ega Eptu" {Int+5}
  4773 | D:6      | Found Xusuaj's Jewellery Shoppe.
  4794 | D:6      | Reached XP level 9. HP: 79/79 MP: 8/8
  4875 | D:6      | Found Ocoecat's Jewellery Shoppe.
  5004 | D:7      | Reached skill level 5 in Shields
  5729 | D:8      | Noticed a gargoyle
  5739 | D:8      | Killed a gargoyle
  6131 | D:8      | Reached XP level 10. HP: 75/91 MP: 9/9
  6139 | D:8      | Reached skill level 10 in Fighting
  6199 | D:8      | Found a shimmering altar of Xom.
  6199 | D:8      | Found a glowing golden altar of the Shining One.
  6206 | D:8      | Found a glowing silver altar of Zin.
  6208 | D:8      | Found an ancient bone altar of Kikubaaqudgha.
  6208 | D:8      | Found an opulent altar of Gozag.
  6208 | D:8      | Found a snail-covered altar of Cheibriados.
  6210 | D:8      | Found a sacrificial altar of Ru.
  6210 | D:8      | Found a burning altar of Makhleb.
  6210 | D:8      | Found a blossoming altar of Fedhas.
  6653 | D:8      | Found a staircase to the Lair.
  6907 | D:9      | Noticed a centaur warrior
  6920 | D:9      | Killed a centaur warrior
  6989 | D:9      | Reached *** piety under Trog
  7318 | D:9      | Found a transporter.
  7322 | D:9      | Noticed purpleHaze's ghost (novice OnWr)
  7349 | D:9      | Found a transporter.
  8052 | D:10     | Entered Level 10 of the Dungeon
  8243 | D:10     | Reached XP level 11. HP: 96/104 MP: 10/10
  8256 | D:10     | Noticed an ogre mage
  8280 | D:10     | Killed an ogre mage
  8363 | D:10     | Reached skill level 15 in Axes
  8686 | D:10     | Found an iron altar of Okawaru.
  9132 | D:11     | Noticed a tengu warrior
  9147 | D:11     | Noticed an orc knight
  9156 | D:11     | Killed a tengu warrior
  9161 | D:11     | Killed an orc knight
  9242 | D:11     | Found a staircase to the Orcish Mines.
  9335 | D:11     | Noticed a boulder beetle
  9351 | D:11     | Killed a boulder beetle
  9391 | D:11     | Noticed a centaur warrior
  9398 | D:11     | Killed a centaur warrior
  9519 | D:11     | Reached **** piety under Trog
  9619 | D:11     | Noticed a two-headed ogre
  9629 | D:11     | Killed a two-headed ogre
  9833 | D:11     | Reached XP level 12. HP: 110/118 MP: 11/11
  9972 | D:11     | Found a runed translucent gate.
  9973 | D:11     | Found a runed translucent gate.
  9973 | D:11     | Noticed DildoBatman's ghost (journeyman FoCj)
  9974 | D:11     | Found a runed translucent gate.
  9987 | D:11     | Reached skill level 15 in Fighting
  9988 | D:11     | Killed DildoBatman's ghost
 10425 | D:11     | Identified the +7 spear of Balance {pain, rPois Str-2
                  | Dex+6}
 10566 | D:11     | Noticed a centaur warrior
 10577 | D:11     | Killed a centaur warrior
 10716 | D:11     | Noticed a centaur warrior
 10726 | D:11     | Reached skill level 10 in Armour
 10732 | D:11     | Killed a centaur warrior
 11334 | D:6      | Bought a ring of poison resistance for 240 gold pieces
 11433 | Lair:1   | Entered Level 1 of the Lair of Beasts
 11866 | Lair:1   | Noticed Prince Ribbit
 11891 | Lair:1   | Killed Prince Ribbit
 12220 | Lair:1   | Reached XP level 13. HP: 109/126 MP: 12/12
 12277 | Lair:1   | Reached ***** piety under Trog
 12699 | Lair:1   | Noticed Fannar
 12711 | Lair:1   | Killed Fannar
 13311 | Lair:2   | Noticed Sonja
 13318 | Lair:2   | Killed Sonja
 13386 | Lair:2   | Reached skill level 15 in Armour
 13455 | Lair:2   | Received a gift from Trog
 13456 | Lair:2   | Reached skill level 1 in Evocations
 14045 | Lair:2   | Noticed Erica
 14061 | Lair:2   | Killed Erica
 14231 | Lair:2   | Reached skill level 5 in Evocations
 14365 | Lair:2   | Found a staircase to the Snake Pit.
 15342 | Lair:3   | Found a runed translucent door.
 15342 | Lair:3   | Noticed kalagan's ghost (journeyman DECj)
 15355 | Lair:3   | Killed kalagan's ghost
 15402 | Lair:3   | Identified the +9 trident of Twilight {protect, rN+ Will+}
 15425 | Lair:3   | Found a staircase to the Shoals.
 16320 | Lair:4   | Reached XP level 14. HP: 109/135 MP: 13/13
 17581 | Lair:4   | Reached skill level 10 in Evocations
 17732 | Lair:5   | Entered Level 5 of the Lair of Beasts
 17885 | Lair:5   | Found a runed translucent gate.
 17885 | Lair:5   | Found a runed translucent gate.
 17885 | Lair:5   | Found a runed translucent gate.
 17886 | Lair:5   | Noticed an azure jelly
 17886 | Lair:5   | Noticed an acid blob
 17887 | Lair:5   | Noticed an acid blob
 17887 | Lair:5   | Noticed dogaso222's ghost (journeyman MfSh)
 17887 | Lair:5   | Noticed an acid blob
 17888 | Lair:5   | Noticed an azure jelly
 17888 | Lair:5   | Noticed an acid blob
 18562 | Lair:5   | Found the +4 robe of Folly {Brill Will-∞ Int+8}
 18885 | Lair:5   | Reached skill level 10 in Shields
 18965 | Lair:5   | Found a staircase to the Slime Pits.
 18966 | Lair:5   | Found a viscous altar of Jiyva.
 19055 | Lair:5   | Noticed an azure jelly
 19092 | Lair:5   | Noticed an acid blob
 19521 | D:12     | Noticed Jorgrun
 19550 | D:12     | Killed Jorgrun
 20430 | D:13     | Found Emogiuf's Assorted Antiques.
 20653 | D:13     | Found a gate to the Vaults.
 20653 | D:13     | Noticed an ironbound preserver
 20674 | D:13     | Killed an ironbound preserver
 21355 | Orc:1    | Entered Level 1 of the Orcish Mines
 21365 | Orc:1    | Reached XP level 15. HP: 141/141 MP: 14/14
 21795 | Orc:1    | Noticed Erolcha
 21798 | Abyss:1  | Cast into level 1 of the Abyss (Erolcha)
 21942 | Abyss:1  | Noticed an Executioner
 21953 | Abyss:1  | Killed an Executioner
 21970 | Abyss:1  | Found a corrupted altar of Lugonu.
 22128 | Abyss:1  | Reached skill level 10 in Dodging
 22369 | Abyss:1  | Noticed a tentacled starspawn
 22377 | Abyss:1  | Found a corrupted altar of Lugonu.
 22444 | Orc:1    | Escaped the Abyss
 22491 | Orc:1    | Killed Erolcha
 22687 | Orc:1    | Noticed Maurice
 22703 | Orc:1    | Killed Maurice
 22759 | Orc:1    | Found a runed translucent gate.
 22759 | Orc:1    | Found a runed translucent gate.
 22759 | Orc:1    | Found a runed translucent gate.
 22760 | Orc:1    | Noticed Ciata's ghost (journeyman MiBe)
 22818 | Orc:1    | Noticed Josephine
 22839 | Orc:1    | Killed Josephine
 22965 | Orc:1    | Killed Ciata's ghost
 23183 | Orc:2    | Entered Level 2 of the Orcish Mines
 23262 | Orc:2    | Found a gate leading to a gauntlet.
 23295 | Gauntlet | Entered a Gauntlet
 23295 | Gauntlet | Found a runed translucent gate.
 23295 | Gauntlet | Found a transporter.
 23295 | Gauntlet | Found a runed translucent gate.
 23295 | Gauntlet | Found a runed translucent gate.
 23295 | Gauntlet | Found a transporter.
 23297 | Gauntlet | Found a transporter.
 23297 | Gauntlet | Found a transporter.
 23301 | Gauntlet | Found a transporter.
 23301 | Gauntlet | Found a transporter.
 23333 | Gauntlet | Found a transporter.
 23337 | Gauntlet | Found a transporter.
 23345 | Gauntlet | Found a transporter.
 23361 | Gauntlet | Found a transporter.
 23381 | Gauntlet | Found a transporter.
 23385 | Gauntlet | Found a transporter.
 23823 | Gauntlet | Identified the ring "Omirouc" {^Drain rN+++ rCorr Int-2
                  | SInv}
 23965 | Orc:2    | Noticed Rupert
 23965 | Orc:2    | Found a staircase to the Elven Halls.
 24189 | Orc:2    | Killed Rupert
 24418 | Orc:2    | Gained mutation: You are frail. (-10% HP) [a neqoxec]
 24421 | Orc:2    | Lost mutation: You are frail. (-10% HP) [a neqoxec]
 24933 | Orc:2    | Reached skill level 1 in Throwing
 25016 | Orc:2    | Found Qeir's Armour Boutique.
 25023 | Orc:2    | Found Fywan's Armour Shoppe.
 25024 | Orc:2    | Found Nujuuf's Armour Boutique.
 25025 | Orc:2    | Found Webludoe's Antique Weapon Shoppe.
 25063 | Orc:2    | Bought the +1 pair of boots of the Armoured One {Will+
                  | Slay+6 Stlth-} for 596 gold pieces
 25510 | D:14     | Found an iron altar of Okawaru.
 26034 | D:14     | Reached skill level 5 in Throwing
 26447 | D:15     | Entered Level 15 of the Dungeon
 27051 | D:15     | Reached XP level 16. HP: 146/149 MP: 15/15
 27085 | D:15     | Found a staircase to the Depths.
 27534 | Snake:1  | Entered Level 1 of the Snake Pit
 28024 | Snake:1  | Identified the serpent talisman of Histrionic Awe {+Blink
                  | rCorr Dex-3 SInv}
 28024 | Snake:1  | Noticed Aizul
 28041 | Snake:1  | Killed Aizul
 28775 | Snake:1  | Identified the +10 broad axe of Azearouc {antimagic, rF-
                  | Will+ Str+4} (Trog gifted it to you on level 1 of the Snake
                  | Pit)
 28775 | Snake:1  | Received a gift from Trog
 29000 | Snake:2  | Found a shimmering blue altar of Sif Muna.
 29148 | Snake:2  | Noticed Vashnia
 29225 | Snake:2  | Killed Vashnia
 30175 | Snake:3  | Found Naplanaq's Weapon Shop.
 30527 | Snake:3  | Received a gift from Trog
 30571 | Snake:3  | Reached XP level 17. HP: 152/170 MP: 5/16
 31082 | Snake:3  | Found Aluem's Book Shop.
 31082 | Snake:3  | Found Kirgh's Antique Armour Boutique.
 31083 | Snake:3  | Found Suegak's General Store.
 31085 | Snake:3  | Found Topa's Weapon Shop.
 31147 | Snake:3  | Bought a runed cloak for 210 gold pieces
 31495 | Snake:4  | Entered Level 4 of the Snake Pit
 31506 | Snake:4  | Identified the ring "Buysh" {rF+ rC+ MP+9 Dex+3}
 33123 | Snake:4  | Reached skill level 15 in Shields
 33432 | Snake:4  | Got a serpentine rune of Zot
 33889 | Shoals:1 | Entered Level 1 of the Shoals
 35659 | Shoals:1 | Received a gift from Trog
 36279 | Shoals:1 | Noticed a kraken
 36564 | Shoals:1 | Found a runed translucent gate.
 36573 | Shoals:1 | Found a runed translucent gate.
 36618 | Shoals:1 | Found a runed translucent gate.
 36644 | Shoals:1 | Noticed a kraken
 36752 | Shoals:1 | Killed a kraken
 36908 | Shoals:1 | Killed a kraken
 36952 | Shoals:1 | Noticed a tentacled monstrosity
 36963 | Shoals:1 | Killed a tentacled monstrosity
 36971 | Shoals:1 | Identified the ring of Untruth {rPois Will+ Dex+6}
 37766 | Shoals:2 | Reached XP level 18. HP: 178/178 MP: 5/17
 38409 | Shoals:2 | Noticed Polyphemus
 38452 | Shoals:2 | Killed Polyphemus
 38721 | Shoals:3 | Noticed Mara
 38735 | Shoals:3 | Killed Mara
 38736 | Shoals:3 | Reached skill level 10 in Throwing
 38946 | Shoals:3 | Noticed Bai Suzhen
 38963 | Shoals:3 | Killed Bai Suzhen
 39150 | Shoals:3 | Noticed Roxanne
 39801 | Shoals:4 | Entered Level 4 of the Shoals
 40371 | Shoals:4 | Identified the +5 leather armour of Lufatton {rPois SInv
                  | Stlth+}
 40385 | Shoals:4 | Received a gift from Trog
 40390 | Shoals:4 | Reached skill level 15 in Dodging
 40676 | Shoals:4 | Found a glowing silver altar of Zin.
 40735 | Shoals:4 | Got a barnacled rune of Zot
 40915 | Shoals:4 | Found a white marble altar of Elyvilon.
 40994 | Shoals:4 | Found a glowing golden altar of the Shining One.
 41048 | Shoals:4 | Identified the +8 short sword of Makhleb's Regard {venom,
                  | rF+ rC+ Stlth+}
 41658 | Vaults:1 | Entered Level 1 of the Vaults
 41835 | Vaults:1 | Identified the +4 trident of Ointment {drain, Will+ Str+7}
 41935 | Vaults:1 | Reached XP level 19. HP: 173/174 MP: 9/18
 42040 | Vaults:1 | Noticed Donald
 42065 | Vaults:1 | Killed Donald
 42502 | Vaults:1 | Received a gift from Trog
 43064 | Vaults:1 | Found Uri Goaw's Assorted Antiques.
 43074 | Vaults:1 | Bought a scroll of blinking for 247 gold pieces
 43415 | Vaults:1 | Found a shimmering blue altar of Sif Muna.
 43713 | Vaults:2 | Received a gift from Trog
 43800 | Vaults:2 | Found a crumbling gateway.
 43806 | Desolati | Entered the Desolation of Salt
 43859 | Desolati | Identified the ring of Sos Xuss {rN++ Int+6 Stlth-}
 44065 | Desolati | Identified the +0 pair of boots of Taacim {*Slow Fly rElec
                  | Dex-4}
 44285 | Desolati | Identified the +4 short sword of Weak Blind Justice {flame,
                  | rElec Will- rCorr Stlth+}
 44348 | Desolati | Identified the +8 lajatang of Contradiction {flame, +Blink
                  | rPois SInv} (Trog gifted it to you in the Desolation of
                  | Salt)
 44348 | Desolati | Received a gift from Trog
 44358 | Desolati | Reached ****** piety under Trog
 44432 | Desolati | Identified the +5 scale mail of Meod {rElec rC+ Str+3}
 44601 | Vaults:2 | Reached XP level 20. HP: 162/193 MP: 9/19
 45128 | Vaults:2 | Noticed Boris
 45228 | Vaults:2 | Identified the +6 glaive "Nischeso" {heavy, rF- rC+ rN+
                  | Str+2}
 45245 | Vaults:2 | Killed Boris
 45404 | Vaults:2 | Found Etri Xiu's Antique Armour Boutique.
 45680 | Vaults:3 | Received a gift from Trog
 45908 | Vaults:3 | Identified the +0 buckler of Fyz Jek {Fly rF- Regen+}
 46225 | Vaults:3 | Found the +3 hat of Pondering {ponderous, Will+ MP+10
                  | Int+5}
 46234 | Vaults:3 | Identified a scroll of acquirement
 46253 | Vaults:3 | Found a radiant altar of Vehumet.
 46269 | Vaults:3 | Identified the +0 robe of Lij Was {rElec rF+ Archmagi}
 46270 | Vaults:3 | Identified the +2 robe "Uvvicka" {Fly rElec rF++ Regen+
                  | Str-4}
 46460 | Vaults:3 | Received a gift from Trog
 46492 | Vaults:3 | Found a staircase to the Crypt.
 47025 | Vaults:3 | You fall into a shaft and drop 1 floor!
 47041 | Vaults:4 | Identified the +6 trident of Vecox {flame, Will+ rCorr
                  | Str+3}
 47311 | Vaults:4 | Identified the +12 hand axe of Valiance {heavy, rElec rC-
                  | rCorr Str+3} (Trog gifted it to you on level 4 of the
                  | Vaults)
 47311 | Vaults:4 | Received a gift from Trog
 47515 | Vaults:4 | Paralysed by a formless jellyfish for 1 turns
 47632 | Vaults:4 | Reached XP level 21. HP: 146/201 MP: 9/20
 48142 | Vaults:4 | Noticed Margery
 48292 | Vaults:4 | Killed Margery
 48294 | Vaults:4 | Killed the ghostly Margery
 48506 | Vaults:4 | Received a gift from Trog
 48507 | Vaults:4 | Noticed a dread lich
 48521 | Vaults:4 | Killed a dread lich
 48849 | Elf:1    | Entered Level 1 of the Elven Halls
 48971 | Elf:1    | Found Cisem's Magic Scroll Emporium.
 48977 | Elf:1    | Bought a scroll of teleportation for 33 gold pieces
 48977 | Elf:1    | Bought a scroll of fog for 44 gold pieces
 48977 | Elf:1    | Bought a scroll of teleportation for 33 gold pieces
 49136 | Elf:1    | Identified the +9 war axe "Oneurep" {flame, Str+3} (Trog
                  | gifted it to you on level 1 of the Elven Halls)
 49136 | Elf:1    | Received a gift from Trog
 49967 | Elf:2    | Found a runed translucent gate.
 49968 | Elf:2    | Found a runed translucent gate.
 49968 | Elf:2    | Found a runed translucent gate.
 49991 | Elf:2    | Found a radiant altar of Vehumet.
 50146 | Elf:2    | Noticed Louise
 50155 | Elf:2    | Reached skill level 15 in Evocations
 50158 | Elf:2    | Killed Louise
 50236 | Elf:2    | Received a gift from Trog
 50557 | Elf:2    | Identified the blade talisman of the Flute {rN+}
 50682 | Elf:3    | Entered Level 3 of the Elven Halls
 50787 | Elf:3    | Noticed Saint Roka
 50811 | Elf:3    | Killed Saint Roka
 50905 | Elf:3    | Identified the +3 hand axe "Niasonka" {flame, rF- rCorr
                  | SInv} (Trog gifted it to you on level 3 of the Elven Halls)
 50905 | Elf:3    | Received a gift from Trog
 50907 | Elf:3    | Found Umemp's Distillery.
 50933 | Elf:3    | Bought a potion of heal wounds for 65 gold pieces
 50933 | Elf:3    | Bought a potion of heal wounds for 65 gold pieces
 51138 | Elf:3    | Paralysed by an air elemental for 1 turns
 51418 | Elf:3    | Paralysed by an air elemental for 1 turns
 51436 | Elf:3    | Paralysed by an air elemental for 1 turns
 51689 | Elf:3    | Reached XP level 22. HP: 202/209 MP: 10/21
 51706 | Elf:3    | Identified the ring of Qoyl {Dex+3 SInv}
 51767 | Elf:3    | Identified the +11 morningstar of Unain {flame, rF++}
 51817 | Elf:3    | Identified the +1 chain mail of the King of the Hill {Harm
                  | rN+}
 51830 | Elf:3    | Identified the +7 trident "Nevecw" {venom, rElec rF+ Dex-5}
 51839 | Elf:3    | Identified the +1 broad axe of Division {antimagic, rPois
                  | Dex+3} (Trog gifted it to you on level 3 of the Elven
                  | Halls)
 51839 | Elf:3    | Received a gift from Trog
 51862 | Elf:3    | Identified the +6 spear of Midwinter {venom, Int+3}
 51877 | Elf:3    | Identified the +7 scimitar "Tifucami" {elec, rC+ SInv}
 51877 | Elf:3    | Identified the amulet "Hiskups" {Regen+ MP+9 Dex+3}
 52163 | Elf:3    | Identified the ring of Xaikkedu {rElec Str+2 Slay+4}
 52187 | Elf:3    | Found the +3 giant club "Skullcrusher" {speed, Str+7}
 52236 | Elf:3    | Identified the +1 orcbow of Extinguishment {flame, rElec
                  | rCorr Stlth-}
 52265 | Elf:3    | Identified the maw talisman of Dogma {Dex+4}
 52876 | Depths:1 | Entered Level 1 of the Depths
 52962 | Depths:1 | Found a stormy altar of Qazlal.
 53151 | Depths:1 | Found a shadowy altar of Dithmenos.
 53299 | Depths:1 | Received a gift from Trog
 53549 | Depths:1 | Found a gateway to Hell.
 53631 | Depths:1 | Found a one-way gate to the infinite horrors of the Abyss.
 54103 | Depths:1 | Received a gift from Trog
 54630 | Depths:2 | Reached XP level 23. HP: 215/215 MP: 13/22
 54743 | Depths:2 | Reached skill level 1 in Stealth
 54944 | Depths:2 | Received a gift from Trog
 54945 | Depths:2 | Reached skill level 5 in Stealth
 54971 | Depths:2 | Noticed a juggernaut
 54985 | Depths:2 | Killed a juggernaut
 55049 | Depths:2 | Identified the +8 glaive of Compound Interest {spect,
                  | ^Drain rElec Will+++ Int-4}
 55051 | Depths:2 | Identified the +6 long sword of Sesarec {pain, rElec rCorr
                  | Dex+3}
 55261 | Depths:2 | Noticed Boris
 55277 | Depths:2 | Killed Boris
 55329 | Depths:2 | Found a one-way gate leading to the halls of Pandemonium.
 55952 | Depths:2 | Found a one-way gateway to a ziggurat.
 56390 | Depths:3 | Reached skill level 10 in Stealth
 56735 | Depths:3 | Identified the ring of Doele {+Blink rF+}
 56741 | Depths:3 | Identified the +1 robe of Abstinence {Int+6}
 57332 | Depths:4 | Entered Level 4 of the Depths
 57546 | Depths:4 | Found a stormy altar of Qazlal.
 57658 | Depths:4 | Received a gift from Trog
 58207 | Depths:4 | Found an ancient bone altar of Kikubaaqudgha.
 58734 | Depths:4 | Found a radiant altar of Vehumet.
 58770 | Depths:4 | Identified the +10 morningstar of Okawaru's Grace {distort,
                  | Str+4}
 58788 | Depths:4 | Found a gate to the Realm of Zot.
 58790 | Depths:4 | Identified the +10 flail of Dastuoc {drain, Str+3}
 58946 | Depths:4 | Reached XP level 24. HP: 217/225 MP: 13/22
 59268 | Depths:4 | Found a blossoming altar of Fedhas.
 59919 | Elf:1    | Bought a scroll of immolation for 44 gold pieces
 59919 | Elf:1    | Bought a scroll of butterflies for 44 gold pieces
 60340 | Lair:5   | Found a viscous altar of Jiyva.
 60350 | Lair:5   | Received a gift from Trog
 61272 | Lair:5   | Killed dogaso222's ghost
 62427 | Vaults:4 | Acquired a manual of Stealth
 62433 | Vaults:5 | Entered Level 5 of the Vaults
 62510 | Vaults:5 | Noticed an ancient lich
 62518 | Vaults:5 | Killed an ancient lich
 62519 | Vaults:5 | Noticed a dread lich
 62537 | Vaults:5 | Killed a dread lich
 62559 | Vaults:5 | Reached skill level 15 in Stealth
 62592 | Vaults:5 | Identified the +6 broad axe "Efeniodi" {flame, rF+} (Trog
                  | gifted it to you on level 5 of the Vaults)
 62592 | Vaults:5 | Received a gift from Trog
 62751 | Vaults:5 | Identified the +1 robe of Cinapn Bino {Regen+}
 62888 | Vaults:5 | Noticed an ancient lich
 62923 | Vaults:5 | Killed an ancient lich
 63442 | Vaults:5 | Identified the +6 great sword of Ofaf Orch {heavy, rC+}
 63502 | Vaults:5 | Identified the +4 sling of Prudence {flame, Int+2}
 63502 | Vaults:5 | Identified the +9 broad axe "Acisag" {vamp, Dex+2}
 63733 | Vaults:5 | Identified the staff of the Green God {*Slow rElec rC+ MP+9
                  | Stlth+ Ice}
 63744 | Vaults:5 | Got a silver rune of Zot
 63752 | Vaults:5 | Identified the +4 ring mail of Sloth {Will++}
 63775 | Vaults:5 | Identified the staff of Plunder {rPois rN+ Will- Conj Fire}
 64050 | Vaults:5 | Identified the ring "Mofuewis" {Wiz rF+ Int+2 Stlth+}
 64140 | Vaults:5 | Reached XP level 25. HP: 235/245 MP: 13/22
 64685 | Zot:1    | Entered Level 1 of the Realm of Zot
 64726 | Zot:1    | Found the +4 dragonskin cloak
 64726 | Zot:1    | Noticed Tiamat
 64869 | Zot:1    | Killed Tiamat
 64869 | Zot:1    | Identified the +11 mace of Zemiz {antimagic, Str+6} (Trog
                  | gifted it to you on level 1 of the Realm of Zot)
 64869 | Zot:1    | Received a gift from Trog
 65786 | Zot:1    | You fall into a shaft and drop 1 floor!
 65961 | Zot:2    | Noticed a Killer Klown
 65975 | Zot:2    | Killed a Killer Klown
 66109 | Zot:2    | Paralysed by a jorogumo for 1 turns
 66113 | Zot:2    | HP: 10/211 [poisoned by a jorogumo]
 66623 | Zot:2    | Reached skill level 15 in Throwing
 68208 | Zot:3    | Noticed an orb of fire
 68241 | Zot:3    | Killed an orb of fire
 68385 | Zot:3    | Identified the +3 orcbow of Theory {flame, Will+}
 68908 | Zot:3    | Noticed Vv
 68934 | Zot:3    | Killed Vv
 69001 | Zot:3    | Noticed Grunn
 69362 | Zot:3    | Killed Grunn
 69662 | Zot:4    | Reached XP level 26. HP: 236/254 MP: 13/22
 69852 | Zot:4    | Received a gift from Trog
 70003 | Zot:4    | Found an ancient bone altar of Kikubaaqudgha.
 70399 | Zot:4    | Found a transporter.
 70416 | Zot:4    | Identified the +0 cloak "Fiffodd" {rElec rN+++ Int-4 SInv}
 70417 | Zot:4    | Identified the +0 cloak of Death's Door {rPois rCorr Int+4}
 70419 | Zot:4    | Found a bloodstained altar of Trog.
 70419 | Zot:4    | Found a transporter.
 70419 | Zot:4    | Noticed Uneer's ghost (legendary GnFE)
 70681 | Zot:4    | Noticed an orb of fire
 70702 | Zot:4    | Killed an orb of fire
 70861 | Zot:4    | Noticed an orb of fire
 70864 | Zot:4    | Killed an orb of fire
 70870 | Zot:4    | Found a faded altar of an unknown god.
 71253 | Zot:5    | Entered Level 5 of the Realm of Zot
 71269 | Zot:5    | Found a transporter.
 71271 | Zot:5    | Found a transporter.
 71656 | Zot:5    | Found a transporter.
 71699 | Zot:5    | Found a transporter.
 73322 | Zot:5    | Noticed a dread lich
 73327 | Zot:5    | Noticed an orb of fire
 73328 | Zot:5    | Killed a dread lich
 73328 | Zot:5    | Gained mutation: Your magical capacity is low. (-10% MP)
                  | [an orb of fire]
 73332 | Zot:5    | Killed an orb of fire
 73468 | Zot:5    | Noticed an ancient lich
 73473 | Zot:5    | Killed an ancient lich
 73497 | Zot:5    | Received a gift from Trog
 73502 | Zot:5    | Noticed an orb of fire
 73517 | Zot:5    | Gained mutation: You are vulnerable to cold. (rC-) [an orb
                  | of fire]
 73521 | Zot:5    | Killed an orb of fire
 73536 | Zot:5    | Noticed a dread lich
 73539 | Zot:5    | Noticed an ancient lich
 73561 | Zot:5    | Killed an ancient lich
 73562 | Zot:5    | Killed a dread lich
 73563 | Zot:5    | Reached XP level 27. HP: 63/261 MP: 2/19
 74107 | Zot:5    | Lost mutation: Your magical capacity is low. (-10% MP)
                  | [potion of mutation]
 74107 | Zot:5    | Lost mutation: You are vulnerable to cold. (rC-) [potion of
                  | mutation]
 74107 | Zot:5    | Gained mutation: You are partially covered in iridescent
                  | scales. (AC +2) [potion of mutation]
 74107 | Zot:5    | Gained mutation: You are dopey. (Int -2) [potion of
                  | mutation]
 74107 | Zot:5    | Gained mutation: You are strong-willed. (Will+) [potion of
                  | mutation]
 74107 | Zot:5    | Gained mutation: You are somewhat resistant to further
                  | mutation. [potion of mutation]
 74117 | Zot:5    | Got the Orb of Zot
 74518 | D:15     | Noticed Riluddel the pandemonium lord
 74749 | D:3      | Noticed Boris
 74898 | D:$      | Escaped with the Orb!

Illustrated notes

Levels and vault maps discovered:
D:1:      reono_arrival_forest_river, layout_basic, minmay_misc_feat_pillars
D:2:      minmay_razor_zed, layout_loops_ring
D:3:      cheibrodos_pilgrimage, layout_basic, minmay_misc_feat_chi,
          kennysheep_cross_bottleneck
D:4:      layout_gridville
D:5:      layout_rooms, serial_shops, nicolae_shop_just_a_little_nook,
          chequers_serial_rivers_micro_b, minmay_misc_feat_room,
          kennysheep_donut
D:6:      layout_rooms, minmay_temple_entry_tees, serial_shops, shop,
          nicolae_shop_tiny_statue_garden, shop, shop, nicolae_shop_tiny_glass,
          serial_park_tiny_2, uniq_grinder, uniq_jeremiah, uniq_menkaure,
          uniq_eustachio
D:7:      layout_basic, serial_curves, eino_curves_03, eino_curves_01
D:8:      layout_basic, nicolae_overflows_in_rows, dpeg_oklobed_lair
D:9:      layout_roguey, gammafunk_ghost_stat_death, kennysheep_island_fort
D:10:     hellmonk_paralyzer, layout_loops_ring, david_defended_altar_orc
D:11:     minmay_the_grid_3x2 [minmay_the_grid_paths,
          minmay_the_grid_small_cups, minmay_the_grid_doors,
          minmay_the_grid_broken_lines, minmay_the_grid_x,
          minmay_the_grid_prize_trominoes], layout_loops_corners, orc_0_dummy,
          biasface_ghost_orc_armoury, item_on_display_a
D:12:     layout_roguey, uniq_jorgrun
D:13:     layout_roguey, skrybe_vaults_entry_preservation, serial_shops,
          nicolae_shop_behind_doors
D:14:     nicolae_cairo_tiling_very_big, layout_loops_corners,
          okawaru_ov_weapons_minmay, st_stairs_14
D:15:     grunt_enter_depths_magical_seal, layout_long_grid,
          grunt_decor_junction
Lair:1:   layout_layer_cave, lemuel_fruit_tree, grunt_megastairs_2,
          infiniplex_staircase_pool_2, uniq_fannar, uniq_prince_ribbit2
Lair:2:   layout_regular_city, alex1729_snake_entry_snake, uniq_sonja,
          uniq_erica
Lair:3:   layout_long_grid, nicolae_shoals_entry_flooding,
          ebering_ghost_inner_flame, chequers_serial_rivers_small_3,
          minmay_lair_oklob_bushes, st_stairs_9, lemuel_fruit_fields
Lair:4:   layout_layer_cave
Lair:5:   evilmike_catoblepas_cave, layout_misc_corridors,
          minmay_slime_entry_pillars, gammafunk_ghost_ooze
Shoals:1: dreamdust_from_the_deep, layout_shoals, nicolae_shoals_beach_cooler
Shoals:2: layout_shoals, nicolae_shoals_former_cling_halls, uniq_polyphemus
Shoals:3: layout_shoals, uniq_mara, uniq_roxanne, uniq_bai_suzhen
Shoals:4: shoals_end_hellmonk_holy_island
Snake:1:  layout_cave_shapes, nicolae_integral_box, uniq_aizul
Snake:2:  layout_misc_corridors, basic_altar, uniq_vashnia
Snake:3:  layout_onion, serial_shops, shop, grunt_ministairs_12,
          minmay_shoptagon
Snake:4:  minmay_snake_end_coiled, layout_cave_shapes
Orc:1:    layout_caves, ebering_ghost_rock_garden, uniq_erolcha, uniq_maurice,
          uniq_josephine
Orc:2:    st_orc_elflike, layout_caves, gauntlet_entry_generic, uniq_rupert
Elf:1:    eino_elf_arrival_sip, layout_loops_ring, serial_shops,
          nicolae_shop_tiny_statue_garden, nicolae_elf_blasts_and_bolts
Elf:2:    nicolae_elf_blades_crystal_corner, layout_loops_cross, basic_altar,
          drop_trap, einodemon_crawler_minivault, uniq_louise
Elf:3:    minmay_elf_hall_golems, layout_loops_cross, serial_shops, shop,
          drop_trap, grunt_ministairs_10, uniq_saint_roka
Vaults:1: vaults_room_corners, nicolae_vaults_offset_grid_hallway_1,
          serial_library_hellmonk_narrow_alcove, nicolae_vaults_more_shelving_2,
          nicolae_vaults_little_squares_4, ontoclasm_vaults_decontamination,
          nicolae_vaults_little_squares_6, nicolae_vaults_tetromino_T_2,
          vaults_mumra_hexcomb, nicolae_vaults_tetromino_T_1,
          nicolae_vaults_surprise_closet, nicolae_vaults_rhombus_7,
          vaults_room_corners, layout_vaults_chaotic_city, serial_shops, shop,
          uniq_donald
Vaults:2: portal_desolation_entry_nicolae_nacl, v_alt_pattern_3, v_misc_1,
          nicolae_vaults_asterisk, nicolae_vaults_oval_intersection,
          v_alt_pattern_6, v_misc_18, layout_vaults_omnigrid, serial_shops,
          shop, uniq_boris
Vaults:3: grunt_tower_of_power, hangedman_vaults_stagger, v_misc_29,
          nicolae_vaults_frosty_reception, minmay_crypt_entry_skeletal_spiral,
          nicolae_vaults_little_squares_3, v_misc_26,
          nicolae_vaults_border_crossing, nicolae_vaults_double_plus_1,
          nicolae_vaults_wrenched, vaults_room_octagon, nicolae_vaults_house_3,
          vaults_room_pools, vaults_room_semicircle,
          ontoclasm_vaults_ring_large, layout_vaults_maze
Vaults:4: nicolae_vaults_three_branches, hangedman_vaults_nodes,
          dpeg_vaults_monster_row, serial_library_regret_index_headful,
          vaults_room_corners, nicolae_vaults_mitosis, v_misc_17,
          v_alt_pattern_4, v_misc_1, vaults_mumra_chevron, grunt_vaults_focal,
          layout_vaults_omnibox, uniq_margery
Vaults:5: serial_shops
Depths:1: regret_index_dithmenos_penumbral_divide, layout_basic,
          grunt_metal_band, abyss_entry, st_stairs_5,
          nicolae_qazlal_style_of_elements
Depths:2: kennysheep_bubble_arena, layout_cave_shapes, enter_ziggurat_c,
          hell_entry, grunt_pan_entry_in_and_out, grunt_megastairs_3
Depths:3: dreamdust_experimentation, layout_gridville, pf_coc_iceberg,
          serial_sigils_hangedman_shear, abyss_entry_crystal,
          minmay_staircase_windowed_large
Depths:4: grunt_profane_halls [grunt_zot_portal, grunt_profane_temple_dis,
          grunt_profane_temple_tar, grunt_profane_temple_geh,
          grunt_profane_temple_coc], hell_entry, serial_shops, uniq_josephina
Zot:1:    layout_twisted_circle, uniq_tiamat
Zot:2:    layout_gridlike
Zot:3:    layout_cathedral_of_symmetry, uniq_vv, uniq_grunn
Zot:4:    regret_index_infernal_bastille, layout_cathedral_of_symmetry,
          gammafunk_ghost_wrathful_warriors,
          regret_index_zotdec_golden_two_three
Zot:5:    layout_onion, nicolae_diode_intersection

Skill      XL: |  1  2  3  4  5  6  7  8  9 10 11 12 13 14 15 16 17 18 19 20 21 22 23 24 25 26 |
---------------+-------------------------------------------------------------------------------+-----
Axes           | 4 5 6 10 12 14 16 18 23 24 | 24.0
Fighting       | 4 5 7 9 12 14 15 20 21 24 | 24.0
Armour         | 3 4 5 6 13 15 16 20 | 20.0
Dodging        | 3 4 5 9 12 13 16 20 | 20.0
Shields        | 3 5 10 15 18 20 23 | 23.7
Evocations     | 9 10 12 15 17 20 | 20.0
Throwing       | 6 9 12 16 | 16.0
Stealth        | 14 18 | 18.0

Action                     |  1- 3 |  4- 6 |  7- 9 | 10-12 | 13-15 | 16-18 | 19-21 | 22-24 | 25-27 || total
---------------------------+-------+-------+-------+-------+-------+-------+-------+-------+-------++-------
  Melee: Hand axe          |    82 |   103 |    15 |       |       |       |       |   197 |       ||   397
         Headbutt          |    12 |    13 |    28 |    89 |   319 |   296 |   431 |   482 |   288 ||  1958
         Punch             |     1 |     2 |       |       |       |       |       |       |       ||     3
         War axe           |       |       |   138 |   500 |   550 |       |       |       |       ||  1188
         Broad axe         |       |       |       |       |   755 |  1104 |  1313 |  1211 |   835 ||  5218
         Morningstar       |       |       |       |       |    13 |       |       |       |       ||    13
  Throw: Dart              |       |       |       |    10 |     6 |    30 |       |       |       ||    46
         Boomerang         |       |       |       |       |       |       |     2 |     2 |   131 ||   135
         Javelin           |       |       |       |       |       |       |       |       |    10 ||    10
 Invoke: Trog's Hand       |       |     2 |     4 |    14 |    41 |    18 |     6 |     7 |     3 ||    95
         Berserk           |       |     2 |     2 |     4 |     9 |    10 |     6 |     3 |     7 ||    43
         Brothers in Arms  |       |       |       |       |     3 |     2 |     5 |     8 |    10 ||    28
Ability: Evoke Blink       |       |       |       |       |       |       |       |     1 |     1 ||     2
  Evoke: Wand              |       |       |       |       |     5 |     9 |       |       |     2 ||    16
         Tin of tremorston |       |       |       |       |     2 |       |       |       |       ||     2
    Use: Scroll            |       |       |       |     7 |    12 |    12 |     3 |     6 |     8 ||    48
         Potion            |       |       |       |       |     1 |     2 |       |     4 |    10 ||    17
   Stab: Distracted        |       |       |       |     1 |     1 |       |       |     3 |     3 ||     8
         Invisible         |       |       |       |       |       |       |       |       |     3 ||     3
         Sleeping          |       |       |       |       |       |       |       |       |     1 ||     1
 Armour: Animal skin       |    35 |    10 |       |       |       |       |       |       |       ||    45
         Plate armour      |       |    70 |   126 |   315 |   631 |   630 |   491 |   584 |   479 ||  3326
  Dodge: Dodged            |    40 |    46 |    63 |   143 |   322 |   308 |   378 |   447 |   315 ||  2062
  Block: Buckler           |       |       |    18 |   182 |   380 |       |       |       |       ||   580
         Reflection        |       |       |       |     6 |    36 |   171 |   133 |    56 |    13 ||   415
         Other             |       |       |       |       |     1 |       |       |       |       ||     1
         Tower shield      |       |       |       |       |   174 |  1203 |   947 |  1157 |   704 ||  4185
